 Dungeon Crawl Stone Soup version 0.31-a0-1308-ga3cce3a448 (webtiles) character file.

Game seed: 17141912381333688386

4573 xxx the Basher (level 10, -13/96 HPs)
             Began as a Minotaur Fighter on Dec 19, 2023.
             Was an Elder of Okawaru.
             Mangled by Erica
             ... wielding a +0 scimitar of flaming
              (14 damage)
             ... on level 8 of the Dungeon.
             The game lasted 00:14:41 (7805 turns).

xxx the Basher (Minotaur Fighter)                   Turns: 7805, Time: 00:14:43

Health: -13/96     AC: 10    Str: 24    XL:     10   Next: 18%
Magic:  9/9        EV:  5    Int:  5    God:    Okawaru [****..]
Gold:   199        SH:  4    Dex: 11    Spells: 9/9 levels left

rFire   + . .        M - +2 morningstar (freeze)
rCold   . . .        c - +0 buckler
rNeg    . . .        E - +1 chain mail {rPois}
rPois   +            (helmet restricted)
rElec   .            (no cloak)
rCorr   .            (no gloves)
SInv    .            (no boots)
Will    .....        k - amulet of regeneration Stlth
                     y - ring of flight
HPRegen 1.16/turn    z - ring of protection from fire
MPRegen 0.11/turn

%: no passive effects
@: lethally poisoned (-13 -> -14), flying, constricted
A: horns 2, retaliatory headbutt
a: Renounce Religion, Heroism, Finesse


You were on level 8 of the Dungeon.
You worshipped Okawaru.
Okawaru was greatly pleased with you.
You visited 2 branches of the dungeon, and saw 10 of its levels.

You collected 423 gold pieces.
You spent 224 gold pieces at shops.

Inventory:

Hand Weapons
 a - a +0 flail
 m - a +0 scythe
 o - a +3 short sword of venom
 w - a +1 spear of flaming
 I - a +3 falchion of freezing
 J - a +5 battleaxe
 M - a +2 morningstar of freezing (weapon)
Armour
 c - a +0 buckler (worn)
 p - a +0 chain mail
 u - a scarf of harm
 E - a +1 chain mail of poison resistance (worn)
Jewellery
 k - an amulet of regeneration (around neck)
 y - a ring of flight (left hand)
 z - a ring of protection from fire (right hand)
 D - a ring of protection from fire
Talismans
 F - a flux talisman
Wands
 t - a wand of paralysis (20)
Scrolls
 b - 2 scrolls of noise {unknown}
 f - a scroll of immolation
 h - a scroll of poison {unknown}
 i - 6 scrolls of teleportation {unknown}
 j - 5 scrolls of identify {unknown}
 l - 2 scrolls of enchant weapon {unknown}
 s - 3 scrolls of enchant armour {unknown}
 v - a scroll of fear {unknown}
 A - a scroll of fog {unknown}
Potions
 d - 5 potions of might
 e - 4 potions of degeneration {unknown}
 g - 2 potions of enlightenment {unknown}
 n - 5 potions of curing {unknown}
 q - 3 potions of lignification {unknown}
 r - a potion of mutation {unknown}
 x - a potion of berserk rage {unknown}
 B - a potion of heal wounds {unknown}
 C - a potion of haste {unknown}
 G - a potion of ambrosia {unknown}
 H - a potion of invisibility {unknown}
 K - a potion of magic {unknown}
 L - a potion of resistance {unknown}


   Skills:
 + Level 11.2 Fighting
 * Level 14.3 Maces & Flails
 - Level 3.6 Armour
 - Level 3.7 Shields


You had 9 spell levels left.
You didn't know any spells.
Your spell library contained the following spells:

 Spells                   Type           Power      Damage    Failure   Level
 Magic Dart               Conj           0%         1d3       98%         1
 Searing Ray              Conj           0%         2d4       99%         2
 Ozocubu's Armour         Ice            0%         N/A       100%        3
 Fulminant Prism          Conj/Hex       0%         3d5       100%        4
 Ozocubu's Refrigeration  Ice            0%         4d7       100%        7


Dungeon Overview and Level Annotations

Branches:
Dungeon (9/15)             Temple (1/1) D:4
   Lair: D:8-11         Orc: D:9-12

Altars:
Ashenzari
Cheibriados
Dithmenos
Elyvilon
Fedhas
Gozag
Hepliaklqana
Kikubaaqudgha
Makhleb
Nemelex Xobeh
Okawaru
Ru
Sif Muna
Trog
Uskayaw
Vehumet
Wu Jian
Xom
Yredelemnul
Zin
The Shining One

Shops:
D:3 *((

Annotations:
D:7 Jeremiah
D:8 Erica


Innate Abilities, Weirdness & Mutations

You have a pair of horns on your head.
You reflexively headbutt those who attack you in melee.


Message History

Okawaru accepts your kill.
The killer bee stings you but does no damage.
The killer bee stings you! Erica hits you but does no damage.
Erica constricts you. The killer bee stings you!
* * * LOW HITPOINT WARNING * * *
The killer bee completely misses you.
You hit Erica. You freeze Erica. Your headbutt misses Erica.
Erica is lightly wounded.
The killer bee stings you.
* * * LOW HITPOINT WARNING * * *
You are poisoned.
The killer bee poisons you! The killer bee barely misses you.
Erica barely misses you. Erica constricts you.
* * * LOW HITPOINT WARNING * * *
The killer bee stings you.
* * * LOW HITPOINT WARNING * * *
The killer bee stings you.
* * * LOW HITPOINT WARNING * * *
You thump Erica! You freeze Erica.
Erica is moderately wounded.
You feel sick.
The killer bee stings you but does no damage.
You block the killer bee's attack.
Erica hits you with a +0 scimitar of flaming!
* * * LOW HITPOINT WARNING * * *
Erica burns you.
* * * LOW HITPOINT WARNING * * *
Erica constricts you.
* * * LOW HITPOINT WARNING * * *
You block the killer bee's attack.
The killer bee stings you but does no damage.
You miss Erica.
Erica is moderately wounded.
You feel sick. The killer bee stings you.
* * * LOW HITPOINT WARNING * * *
The killer bee stings you.
* * * LOW HITPOINT WARNING * * *
Erica hits you with a +0 scimitar of flaming!
You die...
Erica begins burbling mirthfully and uncontrollably.

#....# #....# .....##
......# ......#####
..........#
#......#..########
######.#.......y†#
...............x@#
########....####y#
####.####.####
#######....>.......#
#....##............#
##.##.#.............#
#...#...............#
###.###.............#
....# #.............#


You could see Erica and 2 killer bees.

Vanquished Creatures
  A two-headed ogre (D:7)
  Grinder (D:5)
  Sigmund (D:2)
  5 yaks (D:6)
  A water moccasin (D:6)
  A black bear (D:6)
  3 orc warriors
  A sky beast (D:8)
  An ice beast (D:7)
  2 centaurs (D:7)
  An ogre (D:5)
  A phantom (D:6)
  2 bullfrogs
  2 kobold brigands
  4 scorpions
  7 wights
  3 killer bees
  A howler monkey (D:6)
  4 hounds
  2 jellies
  6 orc priests
  A gnoll bouda (D:6)
  4 iguanas
  Terence (D:2)
  3 orc wizards
  A sleepcap (D:6)
  7 gnolls
  12 adders
  4 white imps
  2 ufetubi
  4 worms
  3 dart slugs
  15 orcs
  5 ball pythons
  11 endoplasms
  9 giant cockroaches
  3 goblins
  8 hobgoblins
  3 jackals (D:2)
  5 quokkas
  5 bats
  3 frilled lizards (D:1)
  17 kobolds
  5 rats (D:1)
181 creatures vanquished.

Notes
Turn   | Place    | Note
-------+----------+-------------------------------------------
     0 | D:1      | xxx the Minotaur Fighter began the quest for the Orb.
     0 | D:1      | Reached XP level 1. HP: 19/19 MP: 0/0
   100 | D:1      | Found a faded altar of an unknown god.
   175 | D:1      | Reached XP level 2. HP: 24/27 MP: 1/1
   201 | D:1      | Reached skill level 3 in Maces & Flails
   623 | D:2      | Reached XP level 3. HP: 29/33 MP: 2/2
   856 | D:2      | Reached skill level 4 in Maces & Flails
  1211 | D:2      | Reached XP level 4. HP: 33/41 MP: 3/3
  1229 | D:2      | Noticed Sigmund
  1260 | D:2      | Killed Sigmund
  1261 | D:2      | Reached skill level 5 in Fighting
  1261 | D:2      | Reached skill level 6 in Maces & Flails
  1261 | D:2      | Reached XP level 5. HP: 6/48 MP: 4/4
  1672 | D:2      | Noticed Terence
  1681 | D:2      | Killed Terence
  1682 | D:2      | Reached XP level 6. HP: 16/56 MP: 5/5
  2149 | D:3      | Found Ywoid's Antique Weapon Shoppe.
  2245 | D:3      | Found Koda's Antique Weapon Boutique.
  2354 | D:3      | Found Gosekoschu's Assorted Antiques.
  2754 | D:4      | Reached skill level 7 in Maces & Flails
  2922 | D:4      | Reached skill level 8 in Maces & Flails
  3059 | D:4      | Found a staircase to the Ecumenical Temple.
  3123 | Temple   | Entered the Ecumenical Temple
  3130 | Temple   | Became a worshipper of Warmaster Okawaru
  3359 | D:4      | Reached XP level 7. HP: 61/61 MP: 6/6
  4180 | D:5      | Entered Level 5 of the Dungeon
  4512 | D:5      | Reached skill level 9 in Maces & Flails
  4722 | D:5      | Noticed Grinder
  4722 | D:5      | Paralysed by Grinder for 5 turns
  4739 | D:5      | Paralysed by Grinder for 3 turns
  4746 | D:5      | Killed Grinder
  4819 | D:5      | Reached * piety under Okawaru
  4907 | D:5      | Reached skill level 10 in Maces & Flails
  4907 | D:5      | Reached XP level 8. HP: 63/71 MP: 7/7
  5208 | D:6      | Reached skill level 11 in Maces & Flails
  5221 | D:6      | Reached ** piety under Okawaru
  5237 | D:6      | Reached skill level 12 in Maces & Flails
  5422 | D:6      | Reached XP level 9. HP: 61/81 MP: 8/8
  6049 | D:7      | Reached skill level 13 in Maces & Flails
  6142 | D:7      | Found a broken altar of Ashenzari.
  6150 | D:7      | Reached *** piety under Okawaru
  6200 | D:7      | Noticed Jeremiah
  6330 | D:7      | Paralysed by Jeremiah for 2 turns
  6703 | D:3      | Bought a runed morningstar for 224 gold pieces
  6829 | D:7      | Noticed a two-headed ogre
  6839 | D:7      | Killed a two-headed ogre
  6840 | D:7      | Reached skill level 10 in Fighting
  7061 | D:7      | Reached XP level 10. HP: 90/94 MP: 9/9
  7068 | D:7      | Reached skill level 14 in Maces & Flails
  7114 | D:7      | Reached **** piety under Okawaru
  7460 | D:8      | Found a shimmering altar of Xom.
  7789 | D:9      | Noticed Erica
  7804 | D:8      | HP: 4/96 [constriction (2)]
  7805 | D:8      | HP: 1/96 [killer bee (2)]
  7805 | D:8      | Mangled by Erica

Illustrated notes

Levels and vault maps discovered:
D:1:      nagdon_arrival_zigzag_paths, layout_rooms,
          hellmonk_ecumenical_altar_blasted
D:2:      layout_basic, minmay_tripent, uniq_sigmund, uniq_terence
D:3:      layout_loops_ring, serial_shops, shop, nicolae_shop_waterfront, shop
D:4:      layout_layer_cave, temple_pool_b, minmay_unequal
D:5:      layout_basic, uniq_grinder
D:6:      layout_basic
D:7:      layout_loops_ring, mainiacjoe_overflow_small_starburst, uniq_jeremiah
D:8:      layout_basic, mainiacjoe_overflow_alcove_2
D:9:      layout_rooms, nicolae_qazlal_style_of_elements, uniq_erica
Temple:   compressed_dpeg_triangle_lava_temple

Skill      XL: |  1  2  3  4  5  6  7  8  9 10 |
---------------+-------------------------------+-----
Fighting       | 4 5 6 8 10 11 | 11.2
Maces & Flails | 3 4 6 8 10 12 13 14 | 14.3
Armour         | |  3.6
Shields        | |  3.7

Action                     |  1- 3 |  4- 6 |  7- 9 | 10-12 || total
---------------------------+-------+-------+-------+-------++-------
  Melee: Flail             |   113 |    45 |       |       ||   158
         Headbutt          |    12 |    14 |    98 |     8 ||   132
         Short sword       |       |    60 |   429 |       ||   489
         Morningstar       |       |       |    24 |    58 ||    82
 Invoke: Heroism           |       |       |     1 |       ||     1
 Armour: Scale mail        |    87 |    37 |       |       ||   124
         Chain mail        |       |    37 |   258 |    53 ||   348
  Dodge: Dodged            |    42 |    41 |   122 |    24 ||   229
  Block: Buckler           |    31 |    20 |    72 |    11 ||   134

Table legend: (Time is in decaauts)
 A = Elapsed time spent in this place.
 B = Non-inter-level travel time spent in this place.
 C = Inter-level travel time spent in this place.
 D = Time resting spent in this place.
 E = Time spent auto-exploring this place.
 F = Levels seen in this place.
 G = Mean time per level.
                   A        B        C        D        E       F      G
               +--------+--------+--------+--------+--------+-----+--------+
         Total |   7841 |   7492 |    349 |      0 |   5883 |  10 |  784.1 |
       Dungeon |   7826 |   7477 |    349 |      0 |   5883 |   9 |  869.6 |
        Temple |     14 |     14 |      0 |      0 |      0 |   1 |   14.0 |
               +--------+--------+--------+--------+--------+-----+--------+

Top non-repeatable levels by time:
     D:4: 1535 daAuts
     D:2: 1330 daAuts
     D:6: 1232 daAuts
     D:7: 981 daAuts
     D:3: 765 daAuts
     D:5: 743 daAuts
     D:1: 631 daAuts
     D:8: 598 daAuts
  Temple: 14 daAuts
     D:9: 8 daAuts
